Coyotes vs Devils

Created - Monday, February 23, 2015 at 23:44

Goals
1 2 3 T
Coyotes 0 1 1 2
Devils 1 2 0 3
Shots
1 2 3 T
Coyotes 9 8 16 33
Devils 13 11 8 32

1st period

1. Devils , Tim Gleason 2 (Patrik Berglund, Martin Erat) at 13:32 (PP)

Penalties :
Mark Borowiecki (Ari) for Cross-checking (Minor) at 12:08

2nd period

2. Devils , Patrik Berglund 10 (Kris Versteeg, Martin Erat) at 5:46
3. Devils , John Carlson 13 (Tyler Johnson) at 15:53
4. Coyotes , Markus Granlund 1 (Dale Weise) at 19:33

Penalties :
No Penalty

3rd period

5. Coyotes , Joakim Andersson 8 (David Jones, T.J. Brennan) at 15:15

Penalties :
Matt Carkner (NJD) for Hooking (Minor) at 0:38, Mark Borowiecki (Ari) for High sticking (Double Minor) at 4:06, T.J. Brennan (Ari) for Hooking (Minor) at 9:23

Goalie Stats

Mike McKenna (Ari), 12 saves from 14 shots - (0.857), L, 3-8-0, 35:06 minutes
Carter Hutton (Ari), 17 saves from 18 shots - (0.944), 24:25 minutes
Jimmy Howard (NJD), 31 saves from 33 shots - (0.939), W, 17-22-6, 60:00 minutes

Players Stats for Coyotes

Player Name              G  A  P  +/- PIM S  H  SB GA TA FO     MP     PP MP  PK MP  
------------------------------------------------------------------------------------
Dale Weise               0  1  1   1  0   2  1  0  0  0  0/0     8:35   0:00   0:00 
David Jones              0  1  1   0  0   3  2  0  0  0  0/0    16:33   1:02   2:22 
Eric Nystrom             0  0  0   0  0   0  1  2  0  0  0/0    16:23   0:00   4:12 
Evan Oberg               0  0  0   2  0   0  0  1  0  2  0/0    22:23   1:19   3:24 
Jaden Schwartz           0  0  0   0  0   3  1  0  3  0  1/2    18:30   1:02   0:36 
Joakim Andersson         1  0  1   0  0   3  1  1  3  2  7/16   17:15   0:57   4:02 
Mark Borowiecki          0  0  0  -1  6   2  2  3  0  1  0/0    23:00   0:00   1:59 
Markus Granlund          1  0  1   1  0   2  1  2  1  0  3/4    10:21   0:00   1:46 
Michael Kostka           0  0  0   0  0   0  2  3  0  0  0/0    24:11   1:58   4:20 
Nick Petrecki            0  0  0   1  0   0  0  0  0  1  0/0    16:39   0:00   2:27 
Paul Byron               0  0  0   0  0   2  1  0  0  1  0/0    18:05   0:57   0:36 
Pierre-Marc Bouchard     0  0  0  -1  0   2  2  1  1  0  0/0    13:45   0:57   0:00 
Sean Monahan             0  0  0   0  0   6  1  0  3  2  11/20  18:27   1:02   1:10 
Stephen Weiss            0  0  0  -1  0   5  0  1  3  0  5/9    12:43   0:00   0:00 
Steve Quailer            0  0  0   1  0   1  0  0  0  0  0/0     8:13   0:00   0:00 
T.J. Brennan             0  1  1  -1  2   1  2  2  1  3  0/0    22:12   0:41   1:59 
Terry Broadhurst         0  0  0  -1  0   0  0  0  0  0  0/0    12:43   0:00   0:00 
Tom Gilbert              0  0  0  -1  0   1  0  3  0  0  0/0    12:27   0:00   0:35 

Players Stats for Devils

Player Name              G  A  P  +/- PIM S  H  SB GA TA FO     MP     PP MP  PK MP  
------------------------------------------------------------------------------------
Adam Burish              0  0  0   0  0   0  0  0  1  0  0/1    13:24   0:10   0:09 
Ales Hemsky              0  0  0   0  0   1  0  0  0  0  0/0     9:04   0:00   0:00 
Alex Tanguay             0  0  0   0  0   1  0  0  2  1  3/11   12:43   0:49   0:00 
Brent Seabrook           0  0  0   1  0   5  3  2  0  1  0/0    27:10   4:20   0:47 
Chris Mueller            0  0  0   0  0   1  0  0  0  0  0/1     9:04   0:00   0:00 
David Warsofsky          0  0  0  -2  0   0  2  1  0  0  0/0    14:31   0:00   1:12 
Drew Stafford            0  0  0   0  0   2  0  0  2  0  2/3    20:06   2:58   1:50 
Jamie McGinn             0  0  0   0  0   2  2  0  0  0  0/0    18:42   3:37   0:00 
Jay Beagle               0  0  0   0  0   0  0  0  1  0  1/3     9:53   0:49   0:00 
John Carlson             1  0  1   1  0   3  0  3  0  2  0/0    27:10   4:20   0:47 
Kris Versteeg            0  1  1   0  0   0  2  0  1  1  0/0    16:58   3:35   0:00 
Martin Erat              0  2  2   0  0   2  2  0  1  0  0/0    16:58   3:35   0:00 
Matt Carkner             0  0  0   1  2   2  2  0  0  1  0/0    15:50   0:00   0:00 
Matt Irwin               0  0  0  -2  0   5  0  1  0  0  0/0    16:43   3:02   0:00 
Patrik Berglund          1  1  2   0  0   2  3  0  5  0  8/11   16:58   3:35   0:00 
Tim Gleason              1  0  1   1  0   3  3  1  0  0  0/0    19:29   3:02   1:12 
Tyler Johnson            0  1  1   0  0   2  0  0  4  3  10/20  20:06   2:58   1:50 
Ville Leino              0  0  0   0  0   1  0  0  4  0  0/1    13:01   0:00   0:09 

3 Stars

1 - Patrik Berglund (NJD)
2 - Tim Gleason (NJD)
3 - Markus Granlund (Ari)

Power Play

Coyotes - 0 on 1 Attempt(s) - 0.00%
Devils - 1 on 4 Attempt(s) - 25.00%

Penalty Kill

Coyotes - 3 on 4 Attempt(s) - 75.00% - Score 0 goal in Penalty Kill
Devils - 1 on 1 Attempt(s) - 100.00% - Score 0 goal in Penalty Kill

Team Stat

Coyotes - Hits : 17 - Faceoff Wins : 27 - Blocked Shots : 19 - Penalty Minutes : 8
Devils - Hits : 19 - Faceoff Wins : 24 - Blocked Shots : 8 - Penalty Minutes : 2

Official

Referees : Unknown
Linesman : Unknown

Game Notes

Carter Hutton is injured at 4:25 of 2nd period (Bruised Left Shoulder)
Mike McKenna enters game at 4:25 of 2nd period
Tom Gilbert is injured at 7:48 of 2nd period (Sore Left Knee)

Finance

Level 1 -- Attendance: 5810 (96.83%) -- Ticket Income $435,750
Level 2 -- Attendance: 3739 (74.78%) -- Ticket Income $224,340
Level 3 -- Attendance: 1289 (64.45%) -- Ticket Income $45,115
Level 4 -- Attendance: 2551 (63.78%) -- Ticket Income $63,775
Luxury Box -- Attendance: 1000 (100.00%) -- Ticket Income $160,000
Game was played at the Continental Airlines Arena'
Total Attendance: 14389 (79.94%)
Total Ticket Income: $928,980
Other Income: $455,200
Total Income: $1,384,180

Coyotes

5 vs 5 Forward 
   Center                   Left Wing                Right Wing               Time % Phy DF OF 
 1 Sean Monahan             Jaden Schwartz           Paul Byron               35     1   2  2  
 2 Joakim Andersson         Eric Nystrom             David Jones              30     1   2  2  
 3 Stephen Weiss            Terry Broadhurst         Pierre-Marc Bouchard     22     1   2  2  
 4 Markus Granlund          Steve Quailer            Dale Weise               13     1   2  2  

5 vs 5 Defense 
   Defense                  Defense                                           Time % Phy DF OF 
 1 Tom Gilbert              Michael Kostka                                    35     1   2  2  
 2 Mark Borowiecki          T.J. Brennan                                      30     1   2  2  
 3 Evan Oberg               Nick Petrecki                                     22     1   2  2  
 4 Tom Gilbert              Mark Borowiecki                                   13     1   2  2  

PowerPlay Forward 
   Center                   Left Wing                Right Wing               Time % Phy DF OF 
 1 Sean Monahan             Jaden Schwartz           David Jones              60     1   2  2  
 2 Joakim Andersson         Paul Byron               Pierre-Marc Bouchard     40     1   2  2  

PowerPlay Defense
   Defense                  Defense                                           Time % Phy DF OF 
 1 Tom Gilbert              Michael Kostka                                    60     1   2  2  
 2 Evan Oberg               T.J. Brennan                                      40     1   2  2  

Penalty Kill 4 Players Forward 
   Center                   Wing                     Time % Phy DF OF 
 1 Joakim Andersson         Eric Nystrom             60     1   2  2  
 2 Paul Byron               Jaden Schwartz           40     1   2  2  

Penalty Kill 4 Players Defense
   Defense                  Defense                  Time % Phy DF OF 
 1 Mark Borowiecki          Tom Gilbert              60     1   2  2  
 2 T.J. Brennan             Michael Kostka           40     1   2  2  

Penalty Kill - 3 Players Forward 
   Forward                                           Time % Phy DF OF 
 1 Joakim Andersson                                  60     1   2  2  
 2 Paul Byron                                        40     1   2  2  

Penalty Kill - 3 Players Defense
   Defense                  Defense                  Time % Phy DF OF 
 1 Mark Borowiecki          Tom Gilbert              60     1   2  2  
 2 T.J. Brennan             Michael Kostka           40     1   2  2  

4 vs 4 Forward 
   Center                   Wing                     Time % Phy DF OF 
 1 Joakim Andersson         Jaden Schwartz           60     1   2  2  
 2 Sean Monahan             Paul Byron               40     1   2  2  

4 vs 4 Defense
   Defense                  Defense                  Time % Phy DF OF 
 1 Tom Gilbert              Michael Kostka           60     1   2  2  
 2 T.J. Brennan             Evan Oberg               40     1   2  2  

Last Minutes Offensive
   Center                   Left Wing                Right Wing               Defense                  Defense                  
   Sean Monahan             Jaden Schwartz           David Jones              Tom Gilbert              Michael Kostka           

Last Minutes Defensive
   Center                   Left Wing                Right Wing               Defense                  Defense                  
   Joakim Andersson         Jaden Schwartz           Eric Nystrom             Mark Borowiecki          Tom Gilbert              

Goaltenders
Starting : Carter Hutton            
Backup : Mike McKenna             

Extra Forwards
Normal : Jaden Schwartz, Sean Monahan, Eric Nystrom - PP : Stephen Weiss, Eric Nystrom - PK : Markus Granlund
Extra Defensemen
Normal : Michael Kostka, T.J. Brennan, Evan Oberg - PP : Evan Oberg - PK : Evan Oberg, Nick Petrecki
Penalty Shots
Jaden Schwartz, Sean Monahan, Joakim Andersson, David Jones, Paul Byron

Devils

5 vs 5 Forward 
   Center                   Left Wing                Right Wing               Time % Phy DF OF 
 1 Tyler Johnson            Drew Stafford            Jamie McGinn             35     1   2  2  
 2 Patrik Berglund          Martin Erat              Kris Versteeg            30     1   2  2  
 3 Alex Tanguay             Ville Leino              Adam Burish              22     1   2  2  
 4 Jay Beagle               Ales Hemsky              Chris Mueller            13     1   2  2  

5 vs 5 Defense 
   Defense                  Defense                                           Time % Phy DF OF 
 1 John Carlson             Brent Seabrook                                    35     1   2  2  
 2 Tim Gleason              Matt Carkner                                      30     1   2  2  
 3 Matt Irwin               David Warsofsky                                   22     1   2  2  
 4 John Carlson             Brent Seabrook                                    13     1   2  2  

PowerPlay Forward 
   Center                   Left Wing                Right Wing               Time % Phy DF OF 
 1 Tyler Johnson            Drew Stafford            Jamie McGinn             60     1   2  2  
 2 Patrik Berglund          Martin Erat              Kris Versteeg            40     1   2  2  

PowerPlay Defense
   Defense                  Defense                                           Time % Phy DF OF 
 1 John Carlson             Brent Seabrook                                    60     1   2  2  
 2 Tim Gleason              Matt Irwin                                        40     1   2  2  

Penalty Kill 4 Players Forward 
   Center                   Wing                     Time % Phy DF OF 
 1 Drew Stafford            Tyler Johnson            60     1   2  2  
 2 Patrik Berglund          Jamie McGinn             40     1   2  2  

Penalty Kill 4 Players Defense
   Defense                  Defense                  Time % Phy DF OF 
 1 John Carlson             Brent Seabrook           60     1   2  2  
 2 Tim Gleason              David Warsofsky          40     1   2  2  

Penalty Kill - 3 Players Forward 
   Forward                                           Time % Phy DF OF 
 1 Drew Stafford                                     60     1   2  2  
 2 Tyler Johnson                                     40     1   2  2  

Penalty Kill - 3 Players Defense
   Defense                  Defense                  Time % Phy DF OF 
 1 John Carlson             Brent Seabrook           60     1   2  2  
 2 Tim Gleason              David Warsofsky          40     1   2  2  

4 vs 4 Forward 
   Center                   Wing                     Time % Phy DF OF 
 1 Drew Stafford            Tyler Johnson            60     1   2  2  
 2 Patrik Berglund          Jamie McGinn             40     1   2  2  

4 vs 4 Defense
   Defense                  Defense                  Time % Phy DF OF 
 1 John Carlson             Brent Seabrook           60     1   2  2  
 2 Tim Gleason              Matt Irwin               40     1   2  2  

Last Minutes Offensive
   Center                   Left Wing                Right Wing               Defense                  Defense                  
   Tyler Johnson            Drew Stafford            Jamie McGinn             John Carlson             Brent Seabrook           

Last Minutes Defensive
   Center                   Left Wing                Right Wing               Defense                  Defense                  
   Tyler Johnson            Drew Stafford            Jamie McGinn             John Carlson             Brent Seabrook           

Goaltenders
Starting : Jimmy Howard             
Backup : Thomas Greiss            

Extra Forwards
Normal : Alex Tanguay, Jay Beagle, Ville Leino - PP : Alex Tanguay, Jay Beagle - PK : Ville Leino
Extra Defensemen
Normal : Matt Irwin, David Warsofsky, Tim Gleason - PP : Matt Irwin - PK : David Warsofsky, Tim Gleason
Penalty Shots
Drew Stafford, Tyler Johnson, Patrik Berglund, Jamie McGinn, Martin Erat

% Time on Ice - Coyotes

Lines # - Real PCT - Wanted PCT - Time Play
Normal Forward
1 - 32% - 35% - 15:51
2 - 27% - 30% - 13:26
3 - 25% - 22% - 12:44
4 - 16% - 13% - 8:13
Normal Defense
1 - 39% - 35% - 19:47
2 - 18% - 30% - 8:49
3 - 23% - 22% - 11:42
4 - 20% - 13% - 9:56
PP Forward
1 - 52% - 60% - 1:02
2 - 48% - 40% - 0:57
PP Defense
1 - 100% - 60% - 1:59
2 - 0% - 40% - 0:00
PK Forward
1 - 92% - 60% - 6:46
2 - 8% - 40% - 0:36
PK Defense
1 - 89% - 60% - 6:33
2 - 11% - 40% - 0:49
PK3 Forward
1 - 0% - 60%
2 - 0% - 40%
PK3 Defense
1 - 0% - 60%
2 - 0% - 40%
44 Forward
1 - 0% - 60%
2 - 0% - 40%
44 Defense
1 - 0% - 60%
2 - 0% - 40%
Last Minute Offensive  - 0:25
Last Minute Defensive  - 0:00
Total
Forward - 60:00
Defense - 60:00

% Time on Ice - Devils

Lines # - Real PCT - Wanted PCT - Time Play
Normal Forward
1 - 32% - 35% - 16:00
2 - 27% - 30% - 13:23
3 - 24% - 22% - 11:55
4 - 18% - 13% - 9:04
Normal Defense
1 - 34% - 35% - 17:10
2 - 30% - 30% - 15:16
3 - 26% - 22% - 13:19
4 - 9% - 13% - 4:37
PP Forward
1 - 51% - 60% - 3:47
2 - 49% - 40% - 3:35
PP Defense
1 - 59% - 60% - 4:20
2 - 41% - 40% - 3:02
PK Forward
1 - 100% - 60% - 1:59
2 - 0% - 40% - 0:00
PK Defense
1 - 39% - 60% - 0:47
2 - 61% - 40% - 1:12
PK3 Forward
1 - 0% - 60%
2 - 0% - 40%
PK3 Defense
1 - 0% - 60%
2 - 0% - 40%
44 Forward
1 - 0% - 60%
2 - 0% - 40%
44 Defense
1 - 0% - 60%
2 - 0% - 40%
Last Minute Offensive  - 0:00
Last Minute Defensive  - 0:17
Total
Forward - 60:00
Defense - 60:00

Play by Play

1st period


0:01 of 1st period - Tyler Johnson wins face-off versus Sean Monahan in neutral zone.
0:27 of 1st period - Wrist shot by Tyler Johnson.
0:27 of 1st period - Shot Blocked by Tom Gilbert.
0:51 of 1st period - John Carlson is hit by Michael Kostka and loses puck.
1:04 of 1st period - Snap shot by Martin Erat.
1:04 of 1st period - Shot Misses the Net.
1:06 of 1st period - Slapshot by Patrik Berglund.
1:06 of 1st period - Stopped by Carter Hutton with a rebound.
1:08 of 1st period - Backhand shot by Patrik Berglund.
1:08 of 1st period - Shot Blocked by Eric Nystrom.
1:10 of 1st period - Snap shot by Matt Carkner.
1:10 of 1st period - Stopped by Carter Hutton with a rebound.
1:12 of 1st period - Snap shot by Patrik Berglund.
1:12 of 1st period - Shot Misses the Net.
1:56 of 1st period - Alex Tanguay is hit by T.J. Brennan and loses puck.
2:46 of 1st period - Nick Petrecki is hit by David Warsofsky and loses puck.
3:03 of 1st period - Wrist shot by Sean Monahan.
3:03 of 1st period - Shot Blocked by David Warsofsky.
3:05 of 1st period - Snap shot by Paul Byron.
3:05 of 1st period - Stopped by Jimmy Howard with a rebound.
3:25 of 1st period - Brent Seabrook is hit by Jaden Schwartz and loses puck.
4:13 of 1st period - Slapshot by Terry Broadhurst.
4:13 of 1st period - Shot Hit the Post.
4:15 of 1st period - Snap shot by Tom Gilbert.
4:15 of 1st period - Stopped by Jimmy Howard with a rebound.
4:17 of 1st period - Slapshot by Tom Gilbert.
4:17 of 1st period - Shot Misses the Net.
4:51 of 1st period - Snap shot by Patrik Berglund.
4:51 of 1st period - Shot Misses the Net.
4:53 of 1st period - Slapshot by Matt Carkner.
4:53 of 1st period - Shot Misses the Net.
4:55 of 1st period - Slapshot by Tim Gleason.
4:55 of 1st period - Shot Misses the Net.
4:57 of 1st period - Snap shot by Martin Erat.
4:57 of 1st period - Shot Blocked by Michael Kostka.
4:59 of 1st period - Slapshot by Tim Gleason.
4:59 of 1st period - Stopped by Carter Hutton with a rebound.
5:01 of 1st period - Wrist shot by Kris Versteeg.
5:01 of 1st period - Shot Blocked by Tom Gilbert.
5:03 of 1st period - Slapshot by Matt Carkner.
5:03 of 1st period - Shot Misses the Net.
5:05 of 1st period - Snap shot by Matt Carkner.
5:05 of 1st period - Deflect By Patrik Berglund.
5:05 of 1st period - Shot Blocked by Tom Gilbert.
5:05 of 1st period - Puck is out of play.
5:06 of 1st period - Sean Monahan wins face-off versus Jay Beagle in Coyotes zone.
5:16 of 1st period - Off-side.
5:17 of 1st period - Sean Monahan wins face-off versus Jay Beagle in neutral zone.
5:30 of 1st period - Slapshot by Tim Gleason.
5:30 of 1st period - Stopped by Carter Hutton with a rebound.
5:45 of 1st period - Wrist shot by Jay Beagle.
5:45 of 1st period - Shot Hit the Post.
6:20 of 1st period - Eric Nystrom is hit by Kris Versteeg and loses puck.
7:07 of 1st period - Slapshot by Ville Leino.
7:07 of 1st period - Shot Blocked by Pierre-Marc Bouchard.
7:49 of 1st period - Slapshot by Markus Granlund.
7:49 of 1st period - Shot Misses the Net.
7:51 of 1st period - Slapshot by Markus Granlund.
7:51 of 1st period - Shot Blocked by Matt Irwin.
7:53 of 1st period - Snap shot by Dale Weise.
7:53 of 1st period - Stopped by Jimmy Howard with a rebound.
8:32 of 1st period - Snap shot by Sean Monahan.
8:32 of 1st period - Stopped by Jimmy Howard without a rebound.
8:33 of 1st period - Patrik Berglund wins face-off versus Joakim Andersson in Devils zone.
8:44 of 1st period - John Carlson is hit by David Jones and loses puck.
8:59 of 1st period - Slapshot by Brent Seabrook.
8:59 of 1st period - Shot Misses the Net.
9:02 of 1st period - Icing by David Jones.
9:03 of 1st period - Tyler Johnson wins face-off versus Joakim Andersson in Coyotes zone.
9:25 of 1st period - Snap shot by John Carlson.
9:25 of 1st period - Deflect By Drew Stafford.
9:25 of 1st period - Stopped by Carter Hutton without a rebound.
9:26 of 1st period - Sean Monahan wins face-off versus Ville Leino in Coyotes zone.
9:39 of 1st period - Slapshot by Brent Seabrook.
9:39 of 1st period - Shot Misses the Net.
9:41 of 1st period - Slapshot by Adam Burish.
9:41 of 1st period - Shot Misses the Net.
9:43 of 1st period - Wrist shot by Ville Leino.
9:43 of 1st period - Deflect By Alex Tanguay.
9:43 of 1st period - Shot Misses the Net.
9:43 of 1st period - Puck is out of play.
9:44 of 1st period - Sean Monahan wins face-off versus Alex Tanguay in Coyotes zone.
10:11 of 1st period - Snap shot by Ville Leino.
10:11 of 1st period - Shot Misses the Net.
10:31 of 1st period - Slapshot by Pierre-Marc Bouchard.
10:31 of 1st period - Stopped by Jimmy Howard with a rebound.
10:37 of 1st period - Evan Oberg is hit by Patrik Berglund and loses puck.
11:28 of 1st period - Icing by John Carlson.
11:29 of 1st period - Tyler Johnson wins face-off versus Markus Granlund in Devils zone.
11:37 of 1st period - Off-side.
11:38 of 1st period - Markus Granlund wins face-off versus Adam Burish in neutral zone.
11:45 of 1st period - Slapshot by Tom Gilbert.
11:45 of 1st period - Shot Misses the Net.
12:08 of 1st period - Minor Penalty to Mark Borowiecki for Cross-checking.
12:09 of 1st period - Tyler Johnson wins face-off versus Joakim Andersson in Coyotes zone.
12:43 of 1st period - Icing by Jamie McGinn.
12:44 of 1st period - Joakim Andersson wins face-off versus Drew Stafford in Devils zone.
13:30 of 1st period - Slapshot by Patrik Berglund.
13:30 of 1st period - Shot Misses the Net.
13:32 of 1st period - Slapshot by Tim Gleason.
13:32 of 1st period - Goal by Tim Gleason - Coyotes : 0 - Devils : 1.
13:33 of 1st period - Sean Monahan wins face-off versus Alex Tanguay in neutral zone.
13:57 of 1st period - Wrist shot by Ville Leino.
13:57 of 1st period - Shot Blocked by Mark Borowiecki.
13:59 of 1st period - Snap shot by Alex Tanguay.
13:59 of 1st period - Shot Misses the Net.
14:29 of 1st period - Tom Gilbert is hit by Jamie McGinn.
14:55 of 1st period - Slapshot by Pierre-Marc Bouchard.
14:55 of 1st period - Shot Blocked by Tim Gleason.
14:57 of 1st period - Wrist shot by Stephen Weiss.
14:57 of 1st period - Stopped by Jimmy Howard with a rebound.
14:59 of 1st period - Backhand shot by Pierre-Marc Bouchard.
14:59 of 1st period - Shot Misses the Net.
15:27 of 1st period - Slapshot by John Carlson.
15:27 of 1st period - Shot Misses the Net.
16:38 of 1st period - Adam Burish is hit by Michael Kostka and loses puck.
16:57 of 1st period - Slapshot by Matt Irwin.
16:57 of 1st period - Stopped by Carter Hutton with a rebound.
17:13 of 1st period - Wrist shot by Stephen Weiss.
17:13 of 1st period - Stopped by Jimmy Howard with a rebound.
17:17 of 1st period - Snap shot by Stephen Weiss.
17:17 of 1st period - Shot Misses the Net.
17:19 of 1st period - Slapshot by Mark Borowiecki.
17:19 of 1st period - Stopped by Jimmy Howard with a rebound.
17:55 of 1st period - Eric Nystrom is hit by Matt Carkner and loses puck.
18:12 of 1st period - Snap shot by Tyler Johnson.
18:12 of 1st period - Shot Misses the Net.
18:14 of 1st period - Wrist shot by Jamie McGinn.
18:14 of 1st period - Shot Misses the Net.
18:16 of 1st period - Wrist shot by Brent Seabrook.
18:16 of 1st period - Stopped by Carter Hutton with a rebound.
18:18 of 1st period - Wrist shot by Drew Stafford.
18:18 of 1st period - Stopped by Carter Hutton with a rebound.
18:20 of 1st period - Slapshot by Matt Irwin.
18:20 of 1st period - Stopped by Carter Hutton with a rebound.
18:22 of 1st period - Snap shot by David Warsofsky.
18:22 of 1st period - Shot Blocked by Mark Borowiecki.
18:30 of 1st period - Wrist shot by Jamie McGinn.
18:30 of 1st period - Deflect By David Jones.
18:30 of 1st period - Stopped by Carter Hutton with a rebound.
18:32 of 1st period - Wrist shot by Matt Irwin.
18:32 of 1st period - Stopped by Carter Hutton with a rebound.
18:34 of 1st period - Slapshot by Matt Irwin.
18:34 of 1st period - Stopped by Carter Hutton with a rebound.
19:06 of 1st period - Brent Seabrook is hit by Dale Weise and loses puck.
19:15 of 1st period - Steve Quailer is hit by Brent Seabrook and loses puck.
19:22 of 1st period - Wrist shot by Markus Granlund.
19:22 of 1st period - Stopped by Jimmy Howard with a rebound.
Goals for this period are 0 for Coyotes vs 1 for Devils.
Shots for this period are 9 for Coyotes vs 13 for Devils.

2nd period


0:01 of 2nd period - Sean Monahan wins face-off versus Tyler Johnson in neutral zone.
0:08 of 2nd period - Snap shot by Sean Monahan.
0:08 of 2nd period - Deflect By Jaden Schwartz.
0:08 of 2nd period - Shot Misses the Net.
0:08 of 2nd period - Puck is out of play.
0:09 of 2nd period - Tyler Johnson wins face-off versus Sean Monahan in Devils zone.
1:04 of 2nd period - Icing by Michael Kostka.
1:05 of 2nd period - Patrik Berglund wins face-off versus Joakim Andersson in Coyotes zone.
1:24 of 2nd period - Icing by Tim Gleason.
1:25 of 2nd period - Patrik Berglund wins face-off versus Stephen Weiss in Devils zone.
1:32 of 2nd period - Pierre-Marc Bouchard is hit by Martin Erat and loses puck.
1:39 of 2nd period - Snap shot by Martin Erat.
1:39 of 2nd period - Stopped by Carter Hutton with a rebound.
1:41 of 2nd period - Slapshot by Tim Gleason.
1:41 of 2nd period - Shot Blocked by Evan Oberg.
1:43 of 2nd period - Slapshot by Tim Gleason.
1:43 of 2nd period - Shot Misses the Net.
2:05 of 2nd period - Matt Carkner is hit by Pierre-Marc Bouchard and loses puck.
2:18 of 2nd period - Eric Nystrom is hit by Tim Gleason and loses puck.
2:25 of 2nd period - Snap shot by Joakim Andersson.
2:25 of 2nd period - Stopped by Jimmy Howard without a rebound.
2:26 of 2nd period - Joakim Andersson wins face-off versus Tyler Johnson in Devils zone.
2:45 of 2nd period - Snap shot by Tyler Johnson.
2:45 of 2nd period - Shot Misses the Net.
2:47 of 2nd period - Wrist shot by Brent Seabrook.
2:47 of 2nd period - Stopped by Carter Hutton with a rebound.
2:49 of 2nd period - Backhand shot by Brent Seabrook.
2:49 of 2nd period - Shot Blocked by Eric Nystrom.
2:51 of 2nd period - Wrist shot by Drew Stafford.
2:51 of 2nd period - Shot Misses the Net.
2:53 of 2nd period - Snap shot by John Carlson.
2:53 of 2nd period - Shot Misses the Net.
3:23 of 2nd period - Wrist shot by Ales Hemsky.
3:23 of 2nd period - Stopped by Carter Hutton with a rebound.
3:25 of 2nd period - Snap shot by Chris Mueller.
3:25 of 2nd period - Shot Misses the Net.
3:31 of 2nd period - Wrist shot by Jay Beagle.
3:31 of 2nd period - Deflect By Chris Mueller.
3:31 of 2nd period - Shot Misses the Net.
3:31 of 2nd period - Puck is out of play.
3:32 of 2nd period - Patrik Berglund wins face-off versus Jaden Schwartz in Coyotes zone.
3:55 of 2nd period - Paul Byron is hit by Martin Erat.
4:01 of 2nd period - Snap shot by Sean Monahan.
4:01 of 2nd period - Stopped by Jimmy Howard without a rebound.
4:02 of 2nd period - Stephen Weiss wins face-off versus Alex Tanguay in Devils zone.
4:21 of 2nd period - Slapshot by John Carlson.
4:21 of 2nd period - Stopped by Carter Hutton with a rebound.
4:23 of 2nd period - Slapshot by John Carlson.
4:23 of 2nd period - Shot Blocked by Stephen Weiss.
4:25 of 2nd period - Slapshot by Brent Seabrook.
4:25 of 2nd period - Stopped by Carter Hutton without a rebound.
4:25 of 2nd period - Carter Hutton from Coyotes is injured at 4:25 of 2nd period (Bruised Left Shoulder).
4:25 of 2nd period - Mike McKenna enters game.
4:26 of 2nd period - Sean Monahan wins face-off versus Tyler Johnson in Coyotes zone.
4:33 of 2nd period - Backhand shot by Jaden Schwartz.
4:33 of 2nd period - Stopped by Jimmy Howard with a rebound.
4:35 of 2nd period - Slapshot by Sean Monahan.
4:35 of 2nd period - Shot Blocked by John Carlson.
4:37 of 2nd period - Snap shot by Tom Gilbert.
4:37 of 2nd period - Shot Misses the Net.
4:39 of 2nd period - Slapshot by Tom Gilbert.
4:39 of 2nd period - Shot Blocked by Brent Seabrook.
5:19 of 2nd period - Joakim Andersson is hit by Brent Seabrook and loses puck.
5:44 of 2nd period - Snap shot by Patrik Berglund.
5:44 of 2nd period - Shot Blocked by Joakim Andersson.
5:46 of 2nd period - Snap shot by Patrik Berglund.
5:46 of 2nd period - Goal by Patrik Berglund - Coyotes : 0 - Devils : 2.
5:47 of 2nd period - Alex Tanguay wins face-off versus Stephen Weiss in neutral zone.
6:36 of 2nd period - Evan Oberg is hit by Kris Versteeg and loses puck.
7:15 of 2nd period - Wrist shot by Sean Monahan.
7:15 of 2nd period - Deflect By Brent Seabrook.
7:15 of 2nd period - Stopped by Jimmy Howard with a rebound.
7:17 of 2nd period - Snap shot by Paul Byron.
7:17 of 2nd period - Shot Misses the Net.
7:47 of 2nd period - Tom Gilbert is hit by Matt Carkner and loses puck.
7:48 of 2nd period - Tom Gilbert from Coyotes is injured at 7:48 of 2nd period (Sore Left Knee).
7:49 of 2nd period - Sean Monahan wins face-off versus Tyler Johnson in Coyotes zone.
8:10 of 2nd period - Snap shot by Jamie McGinn.
8:10 of 2nd period - Shot Misses the Net.
8:42 of 2nd period - Mark Borowiecki is hit by Jamie McGinn and loses puck.
9:50 of 2nd period - Snap shot by Ville Leino.
9:50 of 2nd period - Deflect By Adam Burish.
9:50 of 2nd period - Shot Blocked by Michael Kostka.
9:50 of 2nd period - Puck is out of play.
9:51 of 2nd period - Stephen Weiss wins face-off versus Alex Tanguay in Coyotes zone.
11:15 of 2nd period - Chris Mueller is hit by T.J. Brennan and loses puck.
11:54 of 2nd period - Wrist shot by Tyler Johnson.
11:54 of 2nd period - Shot Misses the Net.
12:18 of 2nd period - Evan Oberg is hit by David Warsofsky and loses puck.
12:22 of 2nd period - Icing by Mark Borowiecki.
12:23 of 2nd period - Markus Granlund wins face-off versus Alex Tanguay in Coyotes zone.
12:30 of 2nd period - Snap shot by Mark Borowiecki.
12:30 of 2nd period - Stopped by Jimmy Howard without a rebound.
12:31 of 2nd period - Joakim Andersson wins face-off versus Alex Tanguay in Devils zone.
12:32 of 2nd period - Snap shot by David Jones.
12:32 of 2nd period - Stopped by Jimmy Howard without a rebound.
12:33 of 2nd period - Joakim Andersson wins face-off versus Alex Tanguay in Devils zone.
12:53 of 2nd period - Icing by Joakim Andersson.
12:54 of 2nd period - Tyler Johnson wins face-off versus Joakim Andersson in Coyotes zone.
13:44 of 2nd period - Markus Granlund is hit by Tim Gleason and loses puck.
13:49 of 2nd period - Slapshot by Patrik Berglund.
13:49 of 2nd period - Shot Blocked by T.J. Brennan.
13:51 of 2nd period - Snap shot by Brent Seabrook.
13:51 of 2nd period - Deflect By Michael Kostka.
13:51 of 2nd period - Stopped by Mike McKenna with a rebound.
13:53 of 2nd period - Slapshot by Martin Erat.
13:53 of 2nd period - Stopped by Mike McKenna with a rebound.
14:27 of 2nd period - Wrist shot by Ville Leino.
14:27 of 2nd period - Shot Blocked by Markus Granlund.
14:29 of 2nd period - Snap shot by John Carlson.
14:29 of 2nd period - Shot Blocked by T.J. Brennan.
14:31 of 2nd period - Slapshot by John Carlson.
14:31 of 2nd period - Stopped by Mike McKenna without a rebound.
14:32 of 2nd period - Alex Tanguay wins face-off versus Sean Monahan in Coyotes zone.
15:20 of 2nd period - Icing by Paul Byron.
15:21 of 2nd period - Stephen Weiss wins face-off versus Tyler Johnson in Coyotes zone.
15:28 of 2nd period - Snap shot by Tyler Johnson.
15:28 of 2nd period - Stopped by Mike McKenna without a rebound.
15:29 of 2nd period - Stephen Weiss wins face-off versus Tyler Johnson in Coyotes zone.
15:51 of 2nd period - Wrist shot by Tyler Johnson.
15:51 of 2nd period - Shot Misses the Net.
15:53 of 2nd period - Slapshot by John Carlson.
15:53 of 2nd period - Deflect By Mark Borowiecki.
15:53 of 2nd period - Goal by John Carlson - Coyotes : 0 - Devils : 3.
15:54 of 2nd period - Patrik Berglund wins face-off versus Sean Monahan in neutral zone.
16:14 of 2nd period - Icing by Mark Borowiecki.
16:15 of 2nd period - Jaden Schwartz wins face-off versus Tyler Johnson in Coyotes zone.
16:22 of 2nd period - Wrist shot by Jaden Schwartz.
16:22 of 2nd period - Stopped by Jimmy Howard with a rebound.
18:31 of 2nd period - Snap shot by Pierre-Marc Bouchard.
18:31 of 2nd period - Shot Blocked by John Carlson.
19:33 of 2nd period - Snap shot by Markus Granlund.
19:33 of 2nd period - Goal by Markus Granlund - Coyotes : 1 - Devils : 3.
19:34 of 2nd period - Tyler Johnson wins face-off versus Sean Monahan in neutral zone.
19:36 of 2nd period - Off-side.
19:37 of 2nd period - Sean Monahan wins face-off versus Tyler Johnson in neutral zone.
19:55 of 2nd period - Off-side.
19:56 of 2nd period - Patrik Berglund wins face-off versus Joakim Andersson in neutral zone.
Goals for this period are 1 for Coyotes vs 2 for Devils.
Shots for this period are 8 for Coyotes vs 11 for Devils.

3rd period


0:01 of 3rd period - Sean Monahan wins face-off versus Tyler Johnson in neutral zone.
0:14 of 3rd period - Wrist shot by Sean Monahan.
0:14 of 3rd period - Stopped by Jimmy Howard without a rebound.
0:15 of 3rd period - Sean Monahan wins face-off versus Tyler Johnson in Devils zone.
0:33 of 3rd period - Snap shot by Jaden Schwartz.
0:33 of 3rd period - Stopped by Jimmy Howard with a rebound.
0:35 of 3rd period - Slapshot by Paul Byron.
0:35 of 3rd period - Stopped by Jimmy Howard without a rebound.
0:36 of 3rd period - Patrik Berglund wins face-off versus Joakim Andersson in Devils zone.
0:38 of 3rd period - Minor Penalty to Matt Carkner for Hooking.
0:39 of 3rd period - Drew Stafford wins face-off versus Sean Monahan in Devils zone.
1:16 of 3rd period - Snap shot by Sean Monahan.
1:16 of 3rd period - Stopped by Jimmy Howard without a rebound.
1:17 of 3rd period - Drew Stafford wins face-off versus Joakim Andersson in Devils zone.
2:38 of 3rd period - Penalty to Matt Carkner is over, Matt Carkner is back on ice.
3:13 of 3rd period - Snap shot by Markus Granlund.
3:13 of 3rd period - Shot Blocked by John Carlson.
3:15 of 3rd period - Wrist shot by Steve Quailer.
3:15 of 3rd period - Deflect By John Carlson.
3:15 of 3rd period - Stopped by Jimmy Howard with a rebound.
3:17 of 3rd period - Slapshot by Dale Weise.
3:17 of 3rd period - Stopped by Jimmy Howard with a rebound.
3:19 of 3rd period - Slapshot by T.J. Brennan.
3:19 of 3rd period - Shot Blocked by Brent Seabrook.
4:06 of 3rd period - Double Minor Penalty to Mark Borowiecki for High sticking.
4:07 of 3rd period - Joakim Andersson wins face-off versus Patrik Berglund in Coyotes zone.
5:37 of 3rd period - Snap shot by Tyler Johnson.
5:37 of 3rd period - Stopped by Mike McKenna with a rebound.
5:51 of 3rd period - Martin Erat is hit by Markus Granlund and loses puck.
6:25 of 3rd period - Slapshot by Michael Kostka.
6:25 of 3rd period - Shot Misses the Net.
6:27 of 3rd period - Snap shot by Eric Nystrom.
6:27 of 3rd period - Shot Misses the Net.
7:23 of 3rd period - Snap shot by Alex Tanguay.
7:23 of 3rd period - Stopped by Mike McKenna with a rebound.
7:43 of 3rd period - Jamie McGinn is hit by Eric Nystrom and loses puck.
8:04 of 3rd period - Wrist shot by Drew Stafford.
8:04 of 3rd period - Shot Misses the Net.
8:06 of 3rd period - Penalty to Mark Borowiecki is over, Mark Borowiecki is back on ice.
8:09 of 3rd period - Wrist shot by Drew Stafford.
8:09 of 3rd period - Shot Misses the Net.
8:32 of 3rd period - Slapshot by Chris Mueller.
8:32 of 3rd period - Stopped by Mike McKenna with a rebound.
9:23 of 3rd period - Minor Penalty to T.J. Brennan for Hooking.
9:24 of 3rd period - Joakim Andersson wins face-off versus Patrik Berglund in Coyotes zone.
9:36 of 3rd period - Snap shot by Joakim Andersson.
9:36 of 3rd period - Shot Misses the Net.
9:56 of 3rd period - Tyler Johnson is hit by Joakim Andersson and loses puck.
10:13 of 3rd period - David Jones is hit by Tim Gleason and loses puck.
10:26 of 3rd period - Mark Borowiecki is hit by Patrik Berglund and loses puck.
10:37 of 3rd period - Wrist shot by Tyler Johnson.
10:37 of 3rd period - Shot Blocked by Markus Granlund.
10:39 of 3rd period - Snap shot by John Carlson.
10:39 of 3rd period - Shot Blocked by Mark Borowiecki.
11:11 of 3rd period - Michael Kostka is hit by Patrik Berglund.
11:17 of 3rd period - John Carlson is hit by David Jones and loses puck.
11:23 of 3rd period - Penalty to T.J. Brennan is over, T.J. Brennan is back on ice.
11:53 of 3rd period - Slapshot by Ville Leino.
11:53 of 3rd period - Stopped by Mike McKenna with a rebound.
11:55 of 3rd period - Slapshot by Matt Irwin.
11:55 of 3rd period - Stopped by Mike McKenna without a rebound.
11:56 of 3rd period - Stephen Weiss wins face-off versus Chris Mueller in Coyotes zone.
12:03 of 3rd period - Slapshot by Stephen Weiss.
12:03 of 3rd period - Stopped by Jimmy Howard without a rebound.
12:04 of 3rd period - Jay Beagle wins face-off versus Stephen Weiss in Devils zone.
12:31 of 3rd period - Wrist shot by Pierre-Marc Bouchard.
12:31 of 3rd period - Shot Misses the Net.
12:33 of 3rd period - Slapshot by T.J. Brennan.
12:33 of 3rd period - Deflect By Stephen Weiss.
12:33 of 3rd period - Stopped by Jimmy Howard without a rebound.
12:34 of 3rd period - Alex Tanguay wins face-off versus Sean Monahan in Devils zone.
13:11 of 3rd period - Slapshot by Brent Seabrook.
13:11 of 3rd period - Stopped by Mike McKenna with a rebound.
13:27 of 3rd period - Dale Weise is hit by Brent Seabrook and loses puck.
14:05 of 3rd period - Slapshot by Drew Stafford.
14:05 of 3rd period - Deflect By Jamie McGinn.
14:05 of 3rd period - Stopped by Mike McKenna with a rebound.
14:07 of 3rd period - Snap shot by Drew Stafford.
14:07 of 3rd period - Shot Blocked by Michael Kostka.
14:09 of 3rd period - Slapshot by Matt Carkner.
14:09 of 3rd period - Stopped by Mike McKenna without a rebound.
14:10 of 3rd period - Tyler Johnson wins face-off versus Stephen Weiss in Coyotes zone.
14:33 of 3rd period - Slapshot by Pierre-Marc Bouchard.
14:33 of 3rd period - Stopped by Jimmy Howard with a rebound.
14:35 of 3rd period - Wrist shot by Stephen Weiss.
14:35 of 3rd period - Stopped by Jimmy Howard with a rebound.
14:37 of 3rd period - Slapshot by T.J. Brennan.
14:37 of 3rd period - Stopped by Jimmy Howard without a rebound.
14:38 of 3rd period - Joakim Andersson wins face-off versus Patrik Berglund in Devils zone.
14:39 of 3rd period - Wrist shot by David Jones.
14:39 of 3rd period - Stopped by Jimmy Howard with a rebound.
14:41 of 3rd period - Snap shot by David Jones.
14:41 of 3rd period - Stopped by Jimmy Howard with a rebound.
14:43 of 3rd period - Wrist shot by Joakim Andersson.
14:43 of 3rd period - Stopped by Jimmy Howard without a rebound.
14:44 of 3rd period - Patrik Berglund wins face-off versus Joakim Andersson in Devils zone.
15:15 of 3rd period - Snap shot by Joakim Andersson.
15:15 of 3rd period - Goal by Joakim Andersson - Coyotes : 2 - Devils : 3.
15:16 of 3rd period - Tyler Johnson wins face-off versus Sean Monahan in neutral zone.
15:27 of 3rd period - Brent Seabrook is hit by Paul Byron and loses puck.
15:50 of 3rd period - John Carlson is hit by Sean Monahan and loses puck.
16:16 of 3rd period - Martin Erat is hit by Pierre-Marc Bouchard and loses puck.
17:28 of 3rd period - Off-side.
17:29 of 3rd period - Markus Granlund wins face-off versus Alex Tanguay in neutral zone.
19:07 of 3rd period - Ales Hemsky is hit by Mark Borowiecki and loses puck.
19:28 of 3rd period - Chris Mueller is hit by Mark Borowiecki and loses puck.
19:31 of 3rd period - Coyotes, Mike McKenna is pulled from the net.
19:53 of 3rd period - Wrist shot by Sean Monahan.
19:53 of 3rd period - Stopped by Jimmy Howard without a rebound.
19:54 of 3rd period - Gerald Gallant call a timeout for Coyotes.
19:54 of 3rd period - Tyler Johnson wins face-off versus Sean Monahan in Devils zone.
Goals for this period are 1 for Coyotes vs 0 for Devils.
Shots for this period are 16 for Coyotes vs 8 for Devils.


Output by the SimonT Hockey Simulator (STHS) for Eric Dolegowski -- Original Page W3C XHTML 1.0 Valid
Hockey Simulator - Hockey Simulation - Hockey Manager